 Dungeon Crawl Stone Soup version 0.28.0-53-g5a82cb258f (webtiles) character file.

Game seed: 1525987252167421952

2888 styxcanada the Covert (level 9, -1/46 HPs)
             Began as a Spriggan Brigand on Aug 20, 2022.
             Shot with an arrow by a centaur (8 damage)
             ... on level 7 of the Dungeon.
             The game lasted 00:35:41 (8166 turns).

styxcanada the Covert (Spriggan Brigand)            Turns: 8166, Time: 00:35:42

Health: -1/46      AC:  7    Str:  7    XL:     9   Next: 48%
Magic:  14/14      EV: 21    Int: 13    God:
Gold:   276        SH:  0    Dex: 20    Spells: 14/14 levels left

rFire   . . .      SeeInvis +   a - +3 dagger
rCold   . . .      Faith    .   (no shield)
rNeg    . . .      Spirit   .   b - +0 robe
rPois   .          Reflect  .   (helmet restricted)
rElec   .          Harm     .   c - +0 cloak
rCorr   .          Rampage  .   (gloves unavailable)
Will    +....                   (boots unavailable)
Stlth   +++++.....              f - amulet of regeneration
HPRegen 0.95/turn               o - +4 ring of protection
MPRegen 0.14/turn               (no ring)

@: lethally poisoned (-1 -> -3), slowed, quick
A: very small, no large weapons, unfitting armour, see invisible, speed 3
a: no special abilities


You were on level 7 of the Dungeon.
You visited 1 branch of the dungeon, and saw 7 of its levels.
You also visited: Ossuary.

You collected 276 gold pieces.

Inventory:

Hand Weapons
 a - a +3 dagger (weapon)
 i - a +0 hunting sling
 v - a +1 vampiric short sword
Missiles
 d - 6 poisoned darts (quivered)
 e - 2 curare-tipped darts
 j - 213 stones
 l - 3 boomerangs
Armour
 b - a +0 robe (worn)
 c - a +0 cloak (worn)
Jewellery
 f - an amulet of regeneration (around neck)
 o - a +4 ring of protection (left hand)
 x - an amulet of guardian spirit
Wands
 w - a wand of iceblast (10)
Scrolls
 q - a scroll of silence
 r - 2 scrolls of teleportation
 s - 3 scrolls of enchant weapon
 t - a scroll of amnesia
 u - 2 scrolls of blinking
Potions
 g - 2 potions of curing
 h - 3 potions of heal wounds
 k - a potion of magic
 m - a potion of mutation
 n - 2 potions of haste
 p - a potion of berserk rage


   Skills:
 * Level 4.6 Fighting
 + Level 4.8 Short Blades
 + Level 6.0(7.2) Slings
 + Level 4.9(5.9) Throwing
 * Level 6.5 Dodging
 * Level 11.3 Stealth
 * Level 3.1 Spellcasting
 * Level 3.7 Evocations


You had 14 spell levels left.
You didn't know any spells.
Your spell library contained the following spells:

 Spells                   Type           Power      Damage    Failure   Level
 Summon Ice Beast         Ice/Summ       2%         N/A       92%         4
 Summon Mana Viper        Hex/Summ       2%         N/A       99%         5
 Monstrous Menagerie      Summ           1%         N/A       100%        7


Dungeon Overview and Level Annotations

Branches:
Dungeon (7/15)            Ossuary (visited)
 Temple: D:4-7

Altars:
Kikubaaqudgha

Shops:
D:7 *

Annotations:
D:6 2 runed translucent doors, Jingleheimer's ghost, novice NaMo
D:7 Menkaure


Innate Abilities, Weirdness & Mutations

You are very small and have problems with some larger weapons.
You are too small for most types of armour.
You have supernaturally acute eyesight. (SInv)
You cover ground extremely quickly. (Speed+++)


Message History

The centaur shoots an arrow.
The arrow completely misses you.
You hit the kobold brigand but do no damage.
The centaur shoots an arrow.
The arrow hits you!
The kobold brigand completely misses you.
You hit the kobold brigand but do no damage.
A kobold comes into view. It is wielding a +0 club. x2
The kobold brigand hits you but does no damage.
The centaur shoots an arrow.
The arrow hits you!
You closely miss the kobold brigand. The kobold brigand misses you.
You completely miss the kobold brigand.
The centaur shoots an arrow.
The arrow hits you!
The kobold shouts! x2
You hit the kobold brigand.
The kobold brigand is lightly wounded.
The centaur shoots an arrow.
The arrow barely misses you. The kobold brigand barely misses you.
Unknown command.
You hit the kobold brigand but do no damage.
Your punch misses the kobold brigand.
The kobold brigand is lightly wounded.
The kobold brigand hits you with a +0 dagger.
Unknown command.
The centaur shoots an arrow.
The arrow closely misses you.
The arrow hits the kobold!
The kobold dies!
The kobold brigand throws a curare-tipped dart.
The curare-tipped dart hits you.
You are poisoned.
You have difficulty breathing.
* * * LOW HITPOINT WARNING * * *
You feel yourself slow down.
You feel very sick.
The kobold throws a stone.
The stone completely misses you.
You see here a poisoned dart.
You feel sick.
The centaur shoots an arrow.
The arrow barely misses you.
The centaur shoots an arrow.
The arrow misses you.
You feel sick.
The centaur shoots an arrow.
The arrow misses you.
You feel sick.
The centaur shoots an arrow.
The arrow barely misses you.
The centaur shoots an arrow.
The arrow hits you!
You die...

....#.##...# ###........
.......##.#####.....(....
....#.....).)..).............#
.........).c>(..(..(.....>...#
..........##..(.K#............
....#.........K#K##..$........
...................#..........
....c.....###...K#.#........$.
....##..#####...@#.#..........
....##<..........#...o((.o(..M
#.#.....##.#.....##.[....o....
..#..#####.##.................
....#......###...#.##.........
#.....###...##..##.###........
##........##....##..#######...
...#.#######...∩....# ...
......#. #.##.....# ..


You could see a kobold brigand, a centaur and 3 kobolds.

Vanquished Creatures
  A two-headed ogre (D:6)
  A wraith (Ossuary)
  A steam dragon (D:4)
  Edmund (D:4)
  An orc warrior (D:7)
  An ice beast (D:6)
  2 sky beasts (D:6)
  A necrophage (D:5)
  2 ogres (D:5)
  A centaur (D:5)
  3 scorpions
  3 bullfrogs
  2 elf skeletons (D:4)
  A wyvern skeleton (D:7)
  A water moccasin skeleton (D:6)
  A howler monkey (D:5)
  5 hounds
  2 jellies (D:6)
  A bullfrog skeleton (D:6)
  Jessica (D:2)
  Natasha (D:2)
  Terence (D:2)
  A human skeleton (D:4)
  An orc wizard (D:7)
  A hound skeleton (D:5)
  A mummy (Ossuary)
  A howler monkey zombie (D:7)
  10 adders
  A white imp (D:6)
  2 adder skeletons (D:4)
  A worm (D:3)
  5 orcs
  6 ball pythons
  3 bats
  2 endoplasms
  3 giant cockroaches
  5 goblins
  11 hobgoblins
  4 jackals (D:1)
  A quokka (D:1)
  4 frilled lizards
  4 gnoll skeletons (Ossuary)
  10 kobolds
  10 kobold skeletons (Ossuary)
  13 orc skeletons
  An orc zombie (D:4)
  2 rats (D:3)
137 creatures vanquished.

Vanquished Creatures (others)
  A kobold (D:7)
  A bush (D:5)
2 creatures vanquished.

Grand Total: 139 creatures vanquished

Notes
Turn   | Place    | Note
-------+----------+-------------------------------------------
     0 | D:1      | styxcanada the Spriggan Brigand began the quest for the
                  | Orb.
     0 | D:1      | Reached XP level 1. HP: 10/10 MP: 2/2
    24 | D:1      | Reached skill level 6 in Stealth
    77 | D:1      | Reached XP level 2. HP: 2/15 MP: 3/3
   886 | D:1      | Found a faded altar of an unknown god.
   910 | D:1      | Reached XP level 3. HP: 18/18 MP: 4/4
  1138 | D:2      | Reached skill level 7 in Stealth
  1183 | D:2      | Noticed Terence
  1227 | D:2      | Killed Terence
  1293 | D:2      | Reached XP level 4. HP: 23/23 MP: 5/5
  1780 | D:2      | Noticed Natasha
  1827 | D:2      | Killed Natasha
  2148 | D:2      | Noticed Jessica
  2153 | D:2      | Killed Jessica
  2659 | D:3      | Reached skill level 8 in Stealth
  2815 | D:3      | Reached XP level 5. HP: 25/26 MP: 6/6
  3091 | D:3      | Found an ancient bone altar of Kikubaaqudgha.
  3335 | D:4      | Reached skill level 1 in Slings
  3531 | D:4      | Reached XP level 6. HP: 32/32 MP: 7/7
  3545 | D:4      | Found a sand-covered staircase.
  3550 | Ossuary  | Entered an ossuary
  3550 | Ossuary  | Noticed a wraith
  3550 | Ossuary  | Noticed a wraith
  3550 | Ossuary  | Noticed a wraith
  3771 | Ossuary  | Reached skill level 9 in Stealth
  3954 | Ossuary  | Noticed a wraith
  4141 | Ossuary  | Killed a wraith
  4142 | Ossuary  | Reached XP level 7. HP: 35/35 MP: 8/8
  4556 | D:4      | Noticed a steam dragon
  4648 | D:4      | Killed a steam dragon
  4740 | D:4      | Noticed Edmund
  4967 | D:4      | Killed Edmund
  5279 | D:5      | Entered Level 5 of the Dungeon
  5542 | D:5      | Reached skill level 10 in Stealth
  5542 | D:5      | Reached XP level 8. HP: 40/40 MP: 9/9
  5990 | D:5      | Reached skill level 5 in Dodging
  6112 | D:5      | Reached skill level 5 in Slings
  6490 | D:6      | Found a runed translucent door.
  6491 | D:6      | Noticed Jingleheimer's ghost (novice NaMo)
  6554 | D:6      | Noticed a two-headed ogre
  6640 | D:6      | Killed a two-headed ogre
  6641 | D:6      | Reached skill level 1 in Spellcasting
  6641 | D:6      | Reached XP level 9. HP: 45/45 MP: 9/12
  7622 | D:6      | Found a runed translucent door.
  8018 | D:7      | Found Vuph's General Store.
  8028 | D:7      | Reached skill level 11 in Stealth
  8035 | D:7      | Noticed Menkaure
  8166 | D:7      | Shot with an arrow by a centaur

Illustrated notes

Levels and vault maps discovered:
D:1:      tarquinn_simple_flora_water_e, layout_rooms,
          shapermc_ecumenical_altar_starsandcircs
D:2:      layout_loops_cross, minmay_misc_feat_ornament, uniq_natasha,
          uniq_terence, uniq_jessica
D:3:      layout_basic, lemuel_coloured_pillars_altar, minmay_misc_feat_plants
D:4:      layout_loops_ring, nicolae_ossuary_entry_catacombs, sigmund_army,
          uniq_edmund
D:5:      layout_gridville, amethyst_killhole, kb_lookout_dungeons_type
D:6:      layout_layer_cave, ebering_ghost_sewer_f, minmay_diced_spiral
D:7:      layout_rooms, grunt_temple_overflow_open,
          minmay_temple_entry_antechambers, serial_shops, nicolae_square_shop,
          uniq_menkaure, uniq_joseph

Skill      XL: |  1  2  3  4  5  6  7  8  9 |
---------------+----------------------------+-----
Stealth        | 6 7 8 9 10 11 | 11.3
Dodging        | 2 3 4 5 6 |  6.5
Fighting       | 2 3 4 |  4.6
Slings         | 1 2 4 5 6 |  6.0
Short Blades   | 3 4 |  4.8
Throwing       | 3 4 |  4.9
Spellcasting   | 1 3 |  3.1
Evocations     | 2 3 |  3.7

Action                   |  1- 3 |  4- 6 |  7- 9 || total
-------------------------+-------+-------+-------++-------
Melee: Dagger            |    78 |   183 |   177 ||   438
       Punch             |     1 |     1 |     1 ||     3
 Fire: Hunting sling     |       |    82 |    52 ||   134
Throw: Dart              |    11 |    31 |    85 ||   127
  Use: Scroll            |       |     7 |     7 ||    14
 Stab: Sleeping          |     7 |    18 |    13 ||    38
       Distracted        |       |       |     1 ||     1
Armor: Robe              |    21 |    22 |    31 ||    74
Dodge: Dodged            |    52 |   110 |   170 ||   332
